Map: Traitor's Exile

Players

OpuS - Winner!

  • Race: Protoss Protoss
  • League: Platinum
  • Spawn Location: 9:00

Sketchaphone - Winner!

  • Race: Zerg Zerg
  • League: Platinum
  • Spawn Location: 12:00

JackCollin

  • Race: Protoss Protoss
  • Spawn Location: 5:00

KaMote

  • Race: Terran Terran
  • Spawn Location: 6:00

VOD

Have the link to the VOD?

Description

Time

  • Played on: Feb. 21, 2019, 8:31 p.m.
  • Length: 15:19
Show
View Real Time Build Order
Export as new Build Order

OpuS Protoss - Winner!

Build Orders:  

Get SALT Encoding   

  12  0:01  Probe  
  13  0:13  Probe  
  14  0:19  Pylon  
  14  0:25  Probe  
  15  0:37  Probe  
  15  0:42  Gateway  
  16  0:48  Probe  
  17  0:55  Assimilator  
  17  0:56  Probe  
  18  1:04  Probe  
  19  1:12  Gateway  
  19  1:18  Gateway  
  19  1:20  Probe  
  19  1:23  Assimilator  
  20  1:38  Cybernetics Core  
  20  1:46  Probe  
  21  1:54  Pylon  
  20  1:59  Pylon  
  20  2:00  Probe  
  21  2:16  Stalker x2  
  21  2:18  Warp Gate  
  21  2:21  Probe  
  25  2:29  Probe  
  27  2:40  Probe  
  28  2:58  Nexus  
  28  3:16  Stalker x2  
  32  3:40  Probe  
  33  3:43  Robotics Facility  
  31  3:54  Probe  
  32  3:57  Pylon  
  32  4:02  Twilight Council  
  32  4:07  Stalker x2  
  36  4:15  Probe x2  
  38  4:27  Probe x2  
  40  4:40  Charge  
  40  4:47  Probe x2  
  40  4:48  Immortal  
  46  4:59  Probe  
  43  5:09  Zealot, Probe  
  43  5:10  Zealot  
  43  5:11  Probe  
  47  5:15  Gateway  
  47  5:17  Gateway  
  47  5:21  Probe  
  48  5:23  Probe  
  48  5:28  Immortal  
  53  5:32  Pylon  
  53  5:37  Probe  
  53  5:38  Probe  
  55  5:44  Zealot x2  
  55  5:48  Pylon  
  59  5:57  Templar Archives  
  59  6:01  Dark Shrine  
  59  6:05  Probe x2  
  65  6:11  Immortal  
  65  6:17  Assimilator  
  65  6:18  Assimilator  
  65  6:22  Pylon  
  65  6:23  Psionic Storm  
  65  6:35  Probe  
  65  6:36  Pylon  
  65  6:38  Pylon, Probe  
  67  6:45  Zealot x2  
  71  6:48  Zealot  
  73  6:55  Probe x2  
  71  7:12  Probe x2  
  73  7:16  Stalker x3  
  73  7:17  Stalker  
  81  7:23  Gateway  
  81  7:25  Gateway  
  81  7:29  Gateway  
  81  7:35  Gateway  
  81  7:43  Dark Templar  
  81  7:44  Dark Templar  
  85  7:50  Observer  
  86  8:07  Nexus, Observer  
  86  8:09  Pylon  
  87  8:22  High Templar x2  
  87  8:23  High Templar  
  87  8:50  Dark Templar x2  
  87  8:55  Zealot x4  
  95  8:56  Zealot x2  
  103  9:17  Pylon  
  103  9:20  Pylon  
  103  9:22  Pylon  
  95  9:37  Zealot x2  
  95  9:38  Zealot x5  
  103  9:40  Zealot  
  96  10:02  Zealot x4  
  96  10:03  Zealot x4  
  96  10:05  Probe x3  
  111  10:14  Observer  
  106  10:17  Probe, Forge  
  106  10:19  Forge  
  107  10:26  Forge  
  107  10:30  Pylon  
  107  10:35  Observer  
  108  10:37  High Templar  
  108  10:38  High Templar x2  
  108  10:40  High Templar  
  108  10:41  High Templar  
  108  10:42  High Templar  
  120  10:43  High Templar  
  120  10:46  High Templar  
  124  10:51  Probe x2  
  124  10:52  Probe  
  124  10:55  Assimilator  
  127  10:59  Assimilator  
  127  11:01  Immortal  
  131  11:04  Protoss Ground Weapons Level 1  
  131  11:05  Protoss Ground Armor Level 1  
  131  11:07  Probe x3  
  134  11:15  Protoss Shields Level 1  
  134  11:33  Zealot x3  
  134  11:34  Zealot x3  
  146  11:43  Immortal  
  93  12:31  Zealot  
  93  12:32  Zealot x6  
  93  12:33  Zealot  
  107  12:41  Nexus  
  103  12:50  Protoss Ground Weapons Level 2, Protoss Ground Armor Level 2  
  101  12:57  Protoss Shields Level 2, Archon  
  101  12:58  Archon x3  
  99  13:00  High Templar x2  
  99  13:01  High Templar x4  
  99  13:02  High Templar x2  
  115  13:09  Gateway  
  115  13:10  Gateway  
  115  13:12  Gateway  
  115  13:15  Gateway  
  115  13:22  Archon x3  
  115  13:23  Archon  
  115  13:33  Zealot x3  
  115  13:34  Zealot x5  
  131  13:42  Probe x3  
  88  14:17  Probe  
  88  14:18  Probe x3  
  88  14:20  Dark Templar x3  
  88  14:21  Dark Templar x4  
  88  14:22  Dark Templar  
  92  14:29  Probe  
  92  14:30  Probe x2  
  95  14:35  Probe  
  96  14:39  Assimilator  
  96  14:42  Probe x3  
  96  14:43  Assimilator  
  99  14:46  Dark Templar x2  
  99  14:48  Dark Templar  
  105  15:00  Dark Templar  
  105  15:03  Probe x2  
  105  15:04  Probe x2  
Show
View Real Time Build Order
Export as new Build Order

Sketchaphone Zerg - Winner!

Build Orders: Hatch First 

Get SALT Encoding   

  12  0:01  Drone  
  13  0:15  Overlord  
  13  0:19  Drone  
  14  0:22  Extractor  
  14  0:24  Drone  
  15  0:33  Drone  
  16  0:39  Drone  
  17  0:58  Hatchery  
  16  1:04  Drone  
  16  1:05  Drone  
  16  1:08  Extractor  
  17  1:23  Spawning Pool  
  17  1:25  Drone  
  17  1:29  Drone  
  18  1:34  Drone  
  19  1:44  Overlord  
  19  1:54  Drone  
  20  2:05  Drone  
  21  2:15  Queen  
  23  2:16  Queen  
  23  2:19  Metabolic Boost  
  23  2:22  Drone  
  26  2:29  Drone  
  27  2:38  Drone x2  
  27  2:41  Drone  
  30  2:45  Overlord  
  30  2:52  Lair  
  30  2:54  Zergling x2  
  31  3:04  Drone  
  31  3:05  Zergling x4  
  34  3:06  Zergling x2  
  34  3:14  Zergling x4  
  36  3:22  Zergling x2  
  37  3:29  Overlord  
  37  3:35  Drone  
  37  3:36  Extractor  
  37  3:38  Drone  
  38  3:43  Overlord  
  38  3:47  Drone  
  39  3:51  Hatchery  
  38  4:06  Infestation Pit  
  38  4:08  Queen  
  38  4:09  Drone x3  
  42  4:11  Overlord  
  42  4:12  Extractor  
  41  4:25  Drone x4, Extractor  
  41  4:30  Drone  
  39  5:01  Hive  
  39  5:03  Queen  
  41  5:10  Drone x9  
  41  5:11  Queen, Drone  
  53  5:17  Drone x2  
  55  5:33  Drone  
  56  5:36  Spore Crawler  
  56  5:39  Pneumatized Carapace  
  55  5:43  Drone  
  55  5:46  Queen  
  55  5:49  Evolution Chamber  
  57  5:50  Evolution Chamber, Drone  
  57  5:59  Drone x6  
  57  6:01  Drone  
  64  6:04  Drone  
  64  6:05  Drone  
  66  6:21  Zergling x2  
  66  6:23  Overlord x3  
  66  6:28  Ultralisk Cavern  
  66  6:29  Zerg Ground Armor Level 1  
  66  6:30  Zergling x2, Zerg Melee Weapons Level 1  
  66  6:41  Queen  
  66  6:45  Zergling x2  
  66  6:46  Zergling x4  
  71  6:51  Queen  
  72  7:12  Drone x2  
  74  7:16  Extractor x2  
  74  7:17  Chitinous Plating  
  74  7:20  Ultralisk x2  
  74  7:21  Overlord  
  84  7:23  Overlord  
  84  7:24  Overlord  
  84  7:25  Overlord  
  84  7:26  Overlord  
  84  7:33  Drone x3  
  84  7:34  Overlord  
  84  7:35  Drone x2  
  89  7:40  Ultralisk  
  89  7:42  Overlord  
  95  8:00  Queen x2  
  95  8:01  Queen  
  95  8:03  Overlord x2  
  101  8:12  Ultralisk  
  107  8:25  Ultralisk  
  97  8:37  Overlord, Ultralisk  
  97  8:38  Zergling x2  
  90  8:49  Ultralisk  
  90  8:54  Drone x4  
  81  9:15  Queen  
  81  9:16  Overlord, Queen  
  85  9:20  Zergling x4  
  85  9:25  Overseer  
  75  9:43  Anabolic Synthesis  
  75  9:49  Drone x5  
  75  9:51  Queen  
  82  9:55  Drone x2  
  84  10:00  Extractor  
  83  10:20  Ultralisk x2  
  95  10:29  Drone x5  
  95  10:31  Drone  
  101  10:39  Drone x5  
  101  10:41  Drone  
  107  10:54  Zergling x6  
  107  10:55  Zergling x8  
  114  10:57  Zerg Melee Weapons Level 2  
  114  10:59  Drone x2  
  114  11:00  Drone  
  114  11:02  Drone  
  114  11:03  Drone  
  119  11:12  Drone x3  
  122  11:25  Overlord  
  122  11:27  Zergling x10  
  127  11:37  Extractor  
  126  11:42  Hatchery  
  125  11:53  Ultralisk x3  
  141  12:08  Zergling x4  
  138  12:18  Zergling x18  
  138  12:20  Zergling x2  
  142  12:26  Burrow  
  142  12:36  Zergling x6  
  145  12:37  Queen x2  
  149  12:57  Spire  
  142  13:23  Zergling x30  
  151  13:41  Zergling x8  
  140  14:04  Overlord  
  140  14:06  Ultralisk x2  
  139  14:10  Corruptor  
  139  14:11  Corruptor x8  
  139  14:15  Zergling x4  
  159  14:25  Drone  
  156  14:56  Nydus Network  
  156  14:58  Nydus Network  
  154  15:01  Nydus Network  
Show
View Real Time Build Order
Export as new Build Order

JackCollin Protoss 

Build Orders:  

Get SALT Encoding   

  12  0:05  Probe  
  13  0:17  Probe  
  14  0:22  Pylon  
  14  0:30  Probe  
  15  0:42  Probe  
  16  0:47  Gateway  
  16  0:51  Probe  
  17  0:57  Assimilator  
  17  0:59  Probe  
  18  1:07  Probe  
  18  1:16  Probe  
  20  1:36  Cybernetics Core  
  20  1:46  Nexus, Probe  
  21  1:58  Probe  
  21  2:00  Pylon  
  22  2:10  Probe  
  22  2:15  Gateway  
  23  2:16  Warp Gate  
  23  2:30  Stalker  
  25  2:39  Assimilator  
  25  2:40  Probe  
  26  2:52  Probe  
  26  2:57  Pylon  
  27  2:58  Stalker  
  29  3:08  Stalker  
  29  3:13  Probe  
  29  3:16  Probe  
  33  3:27  Probe  
  34  3:40  Stalker  
  36  3:42  Probe  
  37  3:51  Twilight Council, Probe  
  38  4:17  Probe  
  38  4:18  Charge  
  38  4:19  Zealot x2  
  38  4:22  Probe  
  44  4:29  Probe  
  43  4:41  Forge  
  43  4:44  Zealot x2  
  38  5:07  Stalker  
  38  5:08  Stalker  
  38  5:10  Probe  
  43  5:14  Probe  
  43  5:17  Protoss Ground Weapons Level 1  
  44  5:25  Probe  
  44  5:28  Gateway  
  45  5:30  Gateway  
  45  5:34  Gateway  
  45  5:35  Stalker x2  
  49  5:53  Probe  
  50  6:04  Nexus  
  50  6:06  Robotics Facility  
  50  6:09  Zealot x2  
  54  6:20  Pylon  
  54  6:30  Photon Cannon  
  54  6:38  Probe x2  
  56  6:49  Assimilator  
  56  6:51  Probe  
  56  6:53  Assimilator  
  56  6:54  Observer  
  58  6:56  Pylon  
  52  7:05  Warp Prism  
  52  7:08  Protoss Ground Weapons Level 2  
  44  7:12  Probe  
  47  7:16  Probe  
  47  7:19  Probe  
  49  7:32  Probe  
  49  7:33  Probe x2, Dark Shrine  
  52  7:38  Assimilator  
  52  7:42  Assimilator  
  52  7:44  Probe  
  52  7:45  Probe  
  52  7:46  Probe  
  55  7:56  Probe  
  56  7:59  Pylon  
  56  8:02  Zealot x2  
  56  8:03  Zealot x2  
  64  8:32  Immortal  
  60  8:35  Zealot x2  
  60  8:36  Zealot x3  
  59  8:57  Probe  
  59  9:02  Dark Templar x2  
  60  9:03  Dark Templar x3  
  31  9:35  Zealot  
  31  9:36  Zealot x4  
  32  9:48  Probe  
  29  9:57  Zealot x2  
  29  9:58  Zealot x3  
  37  10:04  Probe  
  32  10:15  Nexus  
  32  10:23  Nexus  
  32  10:40  Dark Templar x2  
  32  10:41  Dark Templar x3  
  42  11:27  Archon x2  
  42  11:31  Immortal  
  46  11:34  Dark Templar  
  46  11:36  Probe  
  48  11:40  Probe  
  48  11:42  Stalker x2  
  48  11:44  Probe  
  54  11:48  Probe  
  35  12:09  Stalker x2  
  35  12:10  Stalker  
  26  12:58  Zealot  
  26  12:59  Zealot x4  
Show
View Real Time Build Order
Export as new Build Order

KaMote Terran 

Build Orders: Gas First Reaper Expand 

Get SALT Encoding   

  12  0:01  SCV  
  13  0:13  SCV  
  14  0:23  Supply Depot  
  14  0:27  Refinery  
  14  0:30  SCV  
  15  0:51  Refinery  
  15  0:53  SCV  
  16  1:10  Barracks  
  16  1:19  SCV  
  17  1:38  SCV  
  18  1:52  SCV  
  19  1:59  Command Center  
  19  2:00  Reaper  
  20  2:12  Bunker, SCV  
  21  2:30  Factory  
  21  2:34  Barracks Tech Lab  
  21  2:43  Bunker  
  20  2:57  SCV  
  21  3:15  Factory  
  21  3:16  Barracks Reactor  
  21  3:24  SCV  
  22  3:28  Refinery  
  22  3:51  SCV  
  23  4:00  Marine, Siege Tank  
  23  4:01  Marine  
  27  4:03  SCV  
  27  4:08  Orbital Command  
  28  4:20  Factory Reactor  
  28  4:22  Marine x2  
  30  4:28  Bunker  
  30  4:37  Siege Tank  
  33  4:40  Marine  
  34  4:45  Marine  
  35  4:57  Marine  
  36  5:03  Marine  
  37  5:15  Marine  
  38  5:26  Bunker  
  38  5:30  Bunker  
  38  5:31  Marine  
  38  5:33  Command Center  
  39  5:49  SCV  
  40  5:52  SCV  
  40  5:55  Supply Depot  
  41  6:13  SCV x2  
  43  6:25  Engineering Bay  
  43  6:26  Engineering Bay  
  43  6:47  Marine x2  
  43  6:53  Refinery  
  45  6:54  Orbital Command  
  45  7:03  Orbital Command  
  45  7:05  Marine x2  
  45  7:06  Refinery  
  47  7:08  SCV  
  48  7:29  Siege Tank  
  51  7:44  Hellion  
  51  7:45  Hellion, Infernal Pre-Igniter  
  51  7:47  SCV  
  51  7:49  SCV  
  57  7:55  Missile Turret  
  57  7:59  SCV  
  57  8:01  Hellion  
  60  8:12  Widow Mine x2  
  64  8:14  SCV x2  
  64  8:15  SCV  
  67  8:23  Widow Mine  
  67  8:26  SCV  
  44  8:44  Siege Tank  
  44  8:51  Marine x2  
  46  8:57  SCV  
  46  8:58  SCV  
  48  9:05  Starport  
  48  9:06  Widow Mine x2  
  48  9:09  Marine x2  
  54  9:11  Supply Depot  
  54  9:16  Refinery, Siege Tank  
  57  9:27  Marine, Widow Mine x2  
  58  9:48  Widow Mine x2  
  58  9:50  Marine  
  58  9:51  Marine  
  62  10:08  Marine x2  
  62  10:09  SCV  
  65  10:25  Starport Reactor  
  65  10:28  Terran Infantry Armor Level 1  
  65  10:29  SCV  
  65  10:31  Terran Infantry Weapons Level 1  
  65  10:32  Barracks  
  66  10:49  Liberator  
  66  10:55  Liberator  
  70  11:04  Widow Mine x2, Siege Tank  
  76  11:12  Supply Depot  
  76  11:15  Supply Depot  
  76  11:16  SCV x2  
  81  11:32  Liberator  
  81  11:34  Armory  
  81  11:36  Siege Tank  
  81  11:38  Liberator  
  84  11:45  Widow Mine x2  
  88  11:49  SCV  
  88  11:50  SCV  
  88  11:52  Refinery  
  64  12:15  Liberator  
  63  12:21  Liberator  
  58  12:28  Siege Tank  
  47  12:44  Orbital Command  
  47  12:57  Liberator  
  47  13:00  Siege Tank  
  47  13:03  Liberator  
  51  13:26  Hellion x2  
  58  13:32  Siege Tank  
  61  13:40  Liberator  
  61  13:46  Liberator  
  61  13:47  Hellion x2  
  65  13:52  Barracks Tech Lab  
  65  13:57  Orbital Command  
  66  14:05  Siege Tank  
  66  14:08  Hellion  
  60  14:20  Marine x2  
  60  14:28  Marauder  
  60  14:29  Concussive Shells  
  63  14:37  Siege Tank  
  67  14:46  Marine  
  67  14:47  Marine  
  67  14:48  Hellion x2  
Tags
 
Add a new tag
Caveats
  • Supply blocks, unpowered buildings, or Contaminate may cause inaccurate times.
  • Supply counts are checked every 10 seconds.